 Dungeon Crawl Stone Soup version 0.27-a0-1140-g099f9bb0e8 (webtiles) character file.

Game seed: 5822666131137458151

10850 Vomitron the Covert (level 11, -6/65 HPs)
             Began as an Octopode Conjurer on May 8, 2021.
             Was a High Priest of Dithmenos.
             Mangled by a boulder beetle (46 damage)
             ... on level 10 of the Dungeon.
             The game lasted 00:44:48 (15475 turns).

Vomitron the Covert (Octopode Conjurer)            Turns: 15475, Time: 00:44:48

Health: -6/65      AC:  1    Str:  7    XL:     11   Next: 68%
Magic:  13/23      EV: 14    Int: 23    God:    Dithmenos [*****.]
Gold:   526        SH: 14    Dex: 23    Spells: 10/26 levels left

rFire    . . .     SeeInvis .   L - +4 dagger (flame)
rCold    . . .     Faith    .   p - +3 buckler of a Gauntlet {rElec rPois Stlth+}
rNeg     . . .     Spirit   .   (helmet restricted)
rPois    +         Reflect  +   d - amulet of reflection
rElec    +         Harm     .   j - +6 ring of dexterity
rCorr    .         Rampage  .   s - +6 ring of dexterity
Will     .....                  e - ring of poison resistance Stlth **++++++++
                                (no ring)
HPRegen  0.20/turn              (no ring)
MPRegen  0.18/turn              (no ring)
                                (no ring)
                                (no ring)

@: wreathed by umbra
A: almost no armour, amphibious, 8 rings, camouflage 1, gelatinous body 1,
(nimble swimmer 1), tentacles
a: Renounce Religion, Shadow Step, Shadow Form


You were on level 10 of the Dungeon.
You worshipped Dithmenos.
Dithmenos was extremely pleased with you.
You visited 2 branches of the dungeon, and saw 11 of its levels.
You also visited: Ossuary and Bailey.

You collected 526 gold pieces.

Inventory:

Hand Weapons
 k - a +2 mace of holy wrath
 q - a +2 morningstar of electrocution
 L - a +4 dagger of flaming (weapon)
Missiles
 w - 6 throwing nets
Armour
 p - the +3 buckler of a Gauntlet (worn) {rElec rPois Stlth+}
   (You acquired it on level 7 of the Dungeon)

   It insulates you from electricity.
   It protects you from poison.
   It makes you more stealthy.
 I - a +0 kite shield
Jewellery
 d - an amulet of reflection (around mantle)
 e - a ring of poison resistance (on tentacle)
 j - a +6 ring of dexterity (left tentacle)
 s - a +6 ring of dexterity (right tentacle)
 v - a ring of ice
 E - an amulet of faith
 G - a ring of ice
Wands
 m - a wand of polymorph (21)
 u - a wand of iceblast (52)
 J - a wand of digging (2)
 K - a wand of paralysis (7)
 N - a wand of acid (4)
Scrolls
 c - 3 scrolls of holy word
 o - a scroll of fear
 r - a scroll of amnesia
 x - 3 scrolls of fog
 y - 4 scrolls of identify
 B - 2 scrolls of blinking
 C - a scroll of teleportation
 D - 2 scrolls of enchant armour
 M - 2 scrolls of immolation {unknown}
 Q - a scroll of enchant weapon
Potions
 a - 2 potions of resistance {unknown}
 b - a potion of lignification
 f - a potion of brilliance {unknown}
 g - 5 potions of might
 h - 4 potions of flight {unknown}
 i - 7 potions of curing
 l - 3 potions of degeneration
 n - 4 potions of haste
 t - 2 potions of berserk rage {unknown}
 z - a potion of attraction {unknown}
 A - 2 potions of magic {unknown}
 F - 2 potions of mutation {unknown}
 H - a potion of heal wounds {unknown}
Miscellaneous
 O - a condenser vane
 P - a phial of floods


   Skills:
 + Level 2.5 Fighting
 - Level 2.0 Dodging
 + Level 11.0 Stealth
 - Level 4.0 Shields
 + Level 8.1 Spellcasting
 + Level 10.4 Conjurations
 - Level 4.5 Hexes
 - Level 6.1 Translocations
 - Level 4.0 Poison Magic
 + Level 2.8 Invocations


You had 10 spell levels left.
You knew the following spells:

 Your Spells              Type           Power      Damage    Failure   Level
a - Magic Dart            Conj           100%       1d8       1%          1
b - Searing Ray           Conj           100%       3d7       1%          2
c - Fulminant Prism       Conj/Hex       21%        3d13      3%          4
d - Blink                 Tloc           N/A        N/A       1%          2
e - Iskenderun's Mystic   Conj/Tloc      47%        2d10      2%          4
f - Mephitic Cloud        Conj/Pois/Air  31%        N/A       2%          3

Your spell library contained the following spells:

 Spells                   Type           Power      Damage    Failure   Level
 Slow                     Hex            30%        N/A       1%          2
 Dazzling Flash           Conj/Hex       86%        N/A       1%          3
 Gell's Gravitas          Tloc           18%        N/A       1%          3
 Lesser Beckoning         Tloc           18%        N/A       1%          3
 Teleport Other           Tloc           37%        N/A       1%          3
 Conjure Flame            Conj/Fire      33%        6-21      2%          3
 Call Imp                 Summ           9%         N/A       11%         2
 Manifold Assault         Tloc           37%        N/A       16%         5
 Irradiate                Conj/Tmut      16%        3d19      22%         5
 Excruciating Wounds      Necr           4%         N/A       88%         5
 Blade Hands              Tmut           4%         N/A       100%        6
 Simulacrum               Ice/Necr       4%         N/A       100%        6
 Statue Form              Tmut/Erth      6%         N/A       100%        6
 Dragon Form              Tmut           4%         N/A       100%        7
 Shatter                  Erth           4%         3d8*      100%        9


Dungeon Overview and Level Annotations

Branches:
Dungeon (10/15)            Temple (1/1) D:4            Lair (0/6) D:8
Ossuary (visited)          Bailey (visited)
    Orc: D:9-12

Altars:
Ashenzari
Cheibriados
Dithmenos
Elyvilon
Fedhas
Gozag
Hepliaklqana
Kikubaaqudgha
Makhleb
Nemelex Xobeh
Okawaru
Qazlal
Sif Muna
Trog
Vehumet
Wu Jian
Xom
Yredelemnul
Zin
The Shining One

Shops:
D:3 (   D:5 (

Annotations:
D:7 2 transporters


Innate Abilities, Weirdness & Mutations

You cannot wear most types of armour.
You are amphibious.
You can wear up to eight rings at the same time.
Your skin changes colour to match your surroundings (Stealth+).
Your rubbery body absorbs attacks. (AC +1, EV +1)
((You are camouflaged near water. (Stealth+)))
You have tentacles for arms and can constrict up to eight enemies at once.


Message History

Confirm with . or Enter, or press ? or * to list all spells.
Aiming: Fulminant Prism (dangerous; 3% risk of failure)
Press: ? - help, Dir - move target You conjure a prism of explosive energy!
A fulminant prism comes into view.
Your fulminant prism crackles loudly.
The boulder beetle bites your fulminant prism!
Your fulminant prism explodes!
Unknown command.
Casting: Fulminant Prism (dangerous; 3% risk of failure)
Confirm with . or Enter, or press ? or * to list all spells.
Aiming: Fulminant Prism (dangerous; 3% risk of failure)
Press: ? - help, Dir - move target You conjure a prism of explosive energy!
A fulminant prism comes into view.
The boulder beetle curls into a ball and begins rolling!
Your fulminant prism crackles loudly.
The boulder beetle hits your fulminant prism!!!
The boulder beetle stops rolling and uncurls.
Your fulminant prism explodes!
The blast of energy engulfs the boulder beetle.
The boulder beetle is lightly wounded.
Unknown command.
Casting: Fulminant Prism (dangerous; 3% risk of failure)
Confirm with . or Enter, or press ? or * to list all spells.
Aiming: Fulminant Prism (dangerous; 3% risk of failure)
Press: ? - help, Dir - move target You conjure a prism of explosive energy!
A fulminant prism comes into view.
The boulder beetle curls into a ball and begins rolling!
Your fulminant prism crackles loudly.
Your fulminant prism explodes!
The blast of energy engulfs the boulder beetle!
The boulder beetle is lightly wounded.
The blast of energy engulfs you!!
Unknown command.
There is a stone staircase leading up here.
The boulder beetle hits you!!!
Ouch! That really hurt!
You die...

#####.# #......
#..<..#########
#...........$..
#.......#
#.......#
#.......###
#...°°....########
#@B○....#........#
#.......######..≈≈
######### #.≈≈≈
#.≈≈# #.≈≈# #.≈≈#
#.≈≈≈ #..≈≈ ##...


You could see a boulder beetle (rolling).

Vanquished Creatures
  3 two-headed ogres
  A demonic crawler (D:10)
  A troll (D:10)
  A shadow (D:9)
  2 wyverns
  7 yaks (D:10)
  Sigmund (D:3)
  3 swamp worms (D:10)
  3 water moccasins
  4 orc warriors
  2 ice beasts
  3 black bears (D:6)
  3 necrophages
  3 sky beasts
  2 phantoms
  4 centaurs
  3 bullfrogs
  6 scorpions
  10 gnoll sergeants
  2 water moccasin skeletons
  15 killer bees
  19 wights
  A bullfrog zombie (D:6)
  A lava snake (D:9)
  6 centaur zombies
  4 jellies
  3 bullfrog skeletons
  3 hounds
  6 gnoll shamans (Bailey)
  6 orc priests
  Crazy Yiuf (D:2)
  3 human zombies (Ossuary)
  5 iguanas
  6 orc wizards
  Natasha (thrice) (D:2)
  6 scorpion zombies (Ossuary)
  A hound zombie (D:5)
  A hound skeleton (D:5)
  3 mummies (Ossuary)
  A howler monkey zombie (D:9)
  31 gnolls
  5 adders
  A shadow imp (D:7)
  A white imp (D:8)
  3 worms
  3 dart slugs
  38 orcs
  3 bats
  10 endoplasms
  4 giant cockroaches
  2 gnoll zombies (Ossuary)
  12 goblins
  8 hobgoblins
  4 jackals
  4 quokkas
  9 ball pythons
  4 frilled lizards
  3 goblin zombies (Ossuary)
  A jackal zombie (D:4)
  3 kobold zombies (Ossuary)
  2 orc skeletons (D:6)
  6 orc zombies
  4 rats
  A bush (D:1)
320 creatures vanquished.

Vanquished Creatures (others)
  36 fulminant prisms
  3 plants (D:10)
39 creatures vanquished.

Grand Total: 359 creatures vanquished

Notes
Turn   | Place    | Note
-------+----------+-------------------------------------------
     0 | D:1      | Vomitron the Octopode Conjurer began the quest for the Orb.
     0 | D:1      | Reached XP level 1. HP: 11/11 MP: 3/3
   264 | D:1      | Reached XP level 2. HP: 17/17 MP: 1/5
   790 | D:1      | Found a faded altar of an unknown god.
   976 | D:1      | Reached XP level 3. HP: 21/21 MP: 3/6
  1532 | D:2      | Learned a level 2 spell: Searing Ray
  1862 | D:2      | Reached skill level 5 in Conjurations
  1863 | D:2      | Reached XP level 4. HP: 25/27 MP: 0/8
  2360 | D:2      | Found a runed translucent door.
  2361 | D:2      | Noticed Crazy Yiuf
  2367 | D:2      | Killed Crazy Yiuf
  2506 | D:2      | Reached XP level 5. HP: 31/31 MP: 7/9
  2910 | D:2      | Noticed Natasha
  2915 | D:2      | Killed Natasha
  3108 | D:2      | Noticed Natasha
  3113 | D:2      | Killed Natasha
  3316 | D:2      | Noticed Natasha
  3323 | D:2      | Killed Natasha
  3686 | D:3      | Found Juititar's Weapon Shop.
  3693 | D:3      | Reached XP level 6. HP: 36/36 MP: 7/11
  3736 | D:3      | Noticed Sigmund
  3741 | D:3      | Killed Sigmund
  4571 | D:4      | Learned a level 4 spell: Fulminant Prism
  4574 | D:4      | Learned a level 2 spell: Blink
  4752 | D:4      | Reached XP level 7. HP: 40/41 MP: 11/13
  4827 | D:4      | Reached skill level 1 in Translocations
  4929 | D:4      | Reached skill level 1 in Hexes
  5005 | D:4      | Found a staircase to the Ecumenical Temple.
  5014 | Temple   | Entered the Ecumenical Temple
  5091 | Temple   | Became a worshipper of Dithmenos the Shadowed
  5117 | D:4      | Reached skill level 3 in Stealth
  5715 | D:4      | Found a sparkling altar of Nemelex Xobeh.
  5792 | D:5      | Entered Level 5 of the Dungeon
  5808 | D:5      | Reached skill level 4 in Stealth
  5808 | D:5      | Reached XP level 8. HP: 46/46 MP: 9/14
  6338 | D:5      | Reached skill level 5 in Stealth
  6392 | D:5      | Reached skill level 5 in Spellcasting
  6538 | D:5      | Reached * piety under Dithmenos
  6699 | D:5      | Found Leycyxem's Weapon Boutique.
  7203 | D:6      | Reached XP level 9. HP: 51/51 MP: 10/17
  7338 | D:6      | Found a sand-covered staircase.
  7353 | Ossuary  | Entered an ossuary
  7374 | Ossuary  | Reached skill level 6 in Stealth
  7951 | Ossuary  | Reached ** piety under Dithmenos
  8566 | D:6      | Reached skill level 7 in Stealth
  8575 | D:6      | Learned a level 4 spell: Iskenderun's Mystic Blast
  9032 | D:6      | Found a shimmering blue altar of Sif Muna.
  9049 | D:7      | Identified a scroll of acquirement
  9049 | D:7      | Acquired the +3 buckler of a Gauntlet {rElec rPois Stlth+}
  9427 | D:7      | Found a transporter.
  9444 | D:7      | Reached skill level 1 in Shields
  9444 | D:7      | Reached skill level 5 in Translocations
  9504 | D:7      | Found a transporter.
  9519 | D:7      | Noticed a cyan ugly thing
  9520 | D:7      | Noticed a cyan ugly thing
  9620 | D:7      | Reached XP level 10. HP: 56/56 MP: 11/19
  9662 | D:7      | Reached skill level 8 in Stealth
  9704 | D:7      | Noticed a gargoyle
  9909 | D:7      | Found a stormy altar of Qazlal.
  9925 | D:7      | Found a white marble altar of Elyvilon.
  9972 | D:7      | Found a broken altar of Ashenzari.
  9975 | D:7      | Found a radiant altar of Vehumet.
 10085 | D:7      | Found a blossoming altar of Fedhas.
 10524 | D:8      | Noticed a two-headed ogre
 10532 | D:8      | Killed a two-headed ogre
 10532 | D:8      | Reached *** piety under Dithmenos
 11128 | D:8      | Reached skill level 9 in Stealth
 11650 | D:8      | Found a staircase to the Lair.
 11901 | D:9      | Learned a level 3 spell: Mephitic Cloud
 11963 | D:9      | Reached skill level 1 in Poison Magic
 11988 | D:9      | Reached **** piety under Dithmenos
 12212 | D:9      | Found an iron altar of Okawaru.
 12327 | D:9      | Found a flagged portal.
 12403 | Bailey   | Entered a bailey
 12555 | Bailey   | Reached XP level 11. HP: 34/61 MP: 11/22
 12825 | Bailey   | Reached skill level 10 in Stealth
 13058 | Bailey   | Reached ***** piety under Dithmenos
 13341 | Bailey   | Identified the Grimoire of the Ghastly Mountains
 13467 | D:9      | Reached skill level 10 in Conjurations
 14146 | D:10     | Entered Level 10 of the Dungeon
 14343 | D:10     | Reached skill level 1 in Fighting
 14343 | D:10     | Reached skill level 1 in Invocations
 14510 | D:10     | Noticed a two-headed ogre
 14518 | D:10     | Killed a two-headed ogre
 14833 | D:10     | Noticed a two-headed ogre
 14842 | D:10     | Killed a two-headed ogre
 15353 | D:10     | Reached skill level 11 in Stealth
 15464 | D:10     | Noticed a boulder beetle
 15475 | D:10     | Mangled by a boulder beetle

Illustrated notes

Levels and vault maps discovered:
D:1:      dpeg_arrival_prison, layout_basic, serial_forest,
          infiniplex_forest_corner_1, infiniplex_forest_clump_small,
          infiniplex_forest_straight_2, infiniplex_forest_clump_long,
          infiniplex_forest_lined_2, infiniplex_forest_straight_4,
          hellmonk_ecumenical_altar_inner_sanctum
D:2:      layout_basic, uniq_crazy_yiuf_cottage, uniq_natasha
D:3:      layout_basic, serial_shops, shop_fountains, uniq_sigmund
D:4:      minmay_opposing_rooms, layout_basic, nemelex_diamond_rough_becter,
          minmay_temple_entry_waves
D:5:      layout_gridville, serial_shops, shop, hangedman_decor_points,
          minmay_misc_feat_tiny, minivault_4, chequers_mini_garden
D:6:      layout_loops_ring, nicolae_sif_muna_little_library,
          nicolae_ossuary_entry_catacombs
D:7:      gammafunk_the_bubble [the_bubble_gammafunk_plus_minus], layout_rooms,
          lemuel_round_altar, grunt_temple_overflow_cloverleaf,
          grunt_ministairs_12
D:8:      layout_gridville, lair_entry_dummy
D:9:      layout_big_octagon, okawaru_ov_weapons_minmay, enter_bailey_5,
          amcnicky_mini_pool_small, serial_bayou_pond_d,
          kennysheep_generic_room_16
D:10:     layout_rooms, lemuel_coloured_pillars_altar, kennysheep_mini,
          worms_lemuel
Temple:   nicolae_temple_hex_pool

Skill      XL: |  1  2  3  4  5  6  7  8  9 10 11 |
---------------+----------------------------------+-----
Conjurations   | 5 6 7 8 9 10 | 10.4
Spellcasting   | 3 4 5 6 7 8 |  8.1
Translocations | 2 3 5 6 |  6.1
Hexes          | 2 3 4 |  4.5
Stealth        | 4 5 7 9 11 | 11.0
Shields        | 1 4 |  4.0
Poison Magic   | 2 4 |  4.0
Fighting       | 2 |  2.5
Invocations    | 2 |  2.8
Dodging        | |  2.0

Action                   |  1- 3 |  4- 6 |  7- 9 | 10-12 || total
-------------------------+-------+-------+-------+-------++-------
Melee: Unarmed           |   356 |     2 |       |       ||   358
       Tentacles         |    84 |     2 |    13 |    21 ||   120
       Constrict         |     4 |     2 |    10 |    13 ||    29
       Morningstar       |       |     4 |    37 |       ||    41
       Dagger            |       |       |       |    64 ||    64
 Cast: Magic Dart        |    49 |    62 |    98 |    99 ||   308
       Searing Ray       |     3 |    12 |    63 |    76 ||   154
       Fulminant Prism   |       |       |     5 |    31 ||    36
       Iskenderun's Myst |       |       |       |     3 ||     3
       Blink             |       |       |       |     1 ||     1
       Mephitic Cloud    |       |       |       |     2 ||     2
  Use: Scroll            |       |    10 |     7 |     1 ||    18
       Potion            |       |       |       |     1 ||     1
 Stab: Sleeping          |       |       |     4 |     1 ||     5
       Confused          |       |       |       |     1 ||     1
Armor: Skin              |     2 |     1 |     7 |     1 ||    11
Dodge: Dodged            |    17 |     4 |    39 |    69 ||   129
Block: Other             |     2 |     1 |    19 |       ||    22
       Buckler           |       |       |     6 |   119 ||   125
       Reflection        |       |       |       |    12 ||    12

Table legend: (Time is in decaauts)
 A = Elapsed time spent in this place.
 B = Non-inter-level travel time spent in this place.
 C = Inter-level travel time spent in this place.
 D = Time resting spent in this place.
 E = Time spent auto-exploring this place.
 F = Levels seen in this place.
 G = Mean time per level.
                   A        B        C        D        E       F      G
               +--------+--------+--------+--------+--------+-----+--------+
         Total |  15495 |  14991 |    504 |   4002 |   8467 |  13 | 1191.9 |
       Dungeon |  13522 |  13037 |    485 |   3117 |   7997 |  10 | 1352.2 |
        Temple |     96 |     77 |     19 |      0 |     63 |   1 |   96.0 |
       Ossuary |    824 |    824 |      0 |    280 |    262 |   1 |  824.0 |
        Bailey |   1051 |   1051 |      0 |    605 |    145 |   1 | 1051.0 |
               +--------+--------+--------+--------+--------+-----+--------+

Top non-repeatable levels by time:
     D:2: 1845 daAuts
     D:8: 1540 daAuts
     D:1: 1528 daAuts
     D:4: 1420 daAuts
     D:5: 1383 daAuts
     D:6: 1341 daAuts
    D:10: 1328 daAuts
     D:9: 1201 daAuts
  Bailey: 1051 daAuts
     D:7: 1026 daAuts
     D:3: 906 daAuts
 Ossuary: 824 daAuts
  Temple: 96 daAuts
